 Dungeon Crawl Stone Soup version 0.29-a0-1009-g60c99734e7 (webtiles) character file.

Game seed: 15487771750890851879

39 spaghetti the Caller (level 3, -2/25 HPs)
             Began as a Demonspawn Summoner on Aug 8, 2022.
             Killed from afar by Terence (7 damage)
             ... with a puff of flame
             ... on level 2 of the Dungeon.
             The game lasted 00:02:24 (1639 turns).

spaghetti the Caller (Demonspawn Summoner)          Turns: 1639, Time: 00:02:25

Health: -2/25      AC:  2    Str:  8    XL:     3   Next: 26%
Magic:  1/6        EV: 12    Int: 24    God:
Gold:   60         SH:  0    Dex: 13    Spells: 1/7 levels left

rFire   . . .      SeeInvis .   c - +0 short sword {short}
rCold   . . .      Faith    .   (no shield)
rNeg    . . .      Spirit   .   a - +0 robe
rPois   .          Reflect  .   (no helmet)
rElec   .          Harm     .   (no cloak)
rCorr   .          Rampage  .   (no gloves)
Will    .....                   (no boots)
Stlth   ++........              (no amulet)
HPRegen 0.08/turn               j - +6 ring of intelligence
MPRegen 0.10/turn               (no ring)

@: mighty, attractive
A: spiny 2
a: no special abilities


You were on level 2 of the Dungeon.
You visited 1 branch of the dungeon, and saw 2 of its levels.

You collected 60 gold pieces.


Innate Abilities, Weirdness & Mutations

You are mostly covered in sharp spines.


   Skills:
 + Level 0.9 Fighting
 + Level 2.0 Dodging
 - Level 1.7 Stealth
 + Level 2.6 Spellcasting
 + Level 4.4 Summonings


You had one spell level left.
You knew the following spells:

 Your Spells              Type           Power      Damage    Failure   Level
a - Summon Small Mammal   Summ           96%        N/A       1%          1
b - Call Imp              Summ           24%        N/A       2%          2
c - Call Canine Familiar  Summ           24%        N/A       5%          3

Your spell library contained the following spells:

 Spells                   Type           Power      Damage    Failure   Level
 Summon Guardian Golem    Hex/Summ       13%        N/A       14%         3
 Summon Lightning Spire   Summ/Air       13%        N/A       41%         4

Inventory:

Hand Weapons
 c - a +0 short sword (weapon) {short}
   (You found it on level 1 of the Dungeon)
 o - a +0 short sword of distortion {!wshort}
   (You took it off a kobold on level 2 of the Dungeon)
Missiles
 h - 5 poisoned darts {throwing}
 k - 9 stones {throwing}
Armour
 a - a +0 robe (worn)
Magical Staves
 n - a staff of cold {!astaff}
   (You found it on level 2 of the Dungeon)
Jewellery
 j - a +6 ring of intelligence (left hand)
   (You found it on level 1 of the Dungeon)
Scrolls
 e - a scroll of identify {unknown}
 m - a scroll of blinking {unknown}
 p - a scroll of vulnerability {unknown}
Potions
 b - a potion of magic
 i - a potion of brilliance {unknown}
 l - a potion of heal wounds {unknown}

Dungeon Overview and Level Annotations

Branches:
Dungeon (2/15) Zot: 10353

Altars:

Annotations:
D:2 Terence

##.....โ€ ..##.###...โ€ ...# #..,
##.#..........##.......# ****#..,
##.#.##.####..##.......# *,,,.<.,
#.#.##.####..##.......##*,**..,,
#...#.........<.........,,**,,,,
######....#######....#####*******
.......................5...,,,,,,
######....####....b..##...#******
# ###..........@@ยง........,,,,,,
# #.......###.......##...#******
# #....#### #........#,..# #
#....# ######...#**** # #....#
#...# #####.### #...# ......#
#...# ####### ##.## *,*


You could see Terence (ally target), a friendly crimson imp (summoned) and a
friendly bat (summoned).


Message History

Casting: Summon Small Mammal (safe; 1% risk of failure)
Confirm with . or Enter, or press ? or * to list all spells.
A beastly little devil appears in a puff of frigid air.
Terence zaps a wand.
The puff of flame misses you. ๐Ÿ˜Ž MP[-2]
You lost 2 mp, and now have 4/6 mp.
Casting: Call Imp (safe; 2% risk of failure)
Confirm with . or Enter, or press ? or * to list all spells.
A beastly little devil appears in a puff of flame.
Your white imp disappears in a puff of smoke! ๐Ÿ˜Ž MP[-2]
You lost 2 mp, and now have 2/6 mp.
Unknown command.
Casting: Call Imp (safe; 2% risk of failure)
Confirm with . or Enter, or press ? or * to list all spells.
๐Ÿ˜Ž MP[-1]
You lost 1 mp, and now have 1/6 mp.
Casting: Summon Small Mammal (safe; 1% risk of failure)
Confirm with . or Enter, or press ? or * to list all spells.
Terence zaps a wand.
The puff of flame hits you! ๐Ÿ˜ฎ HP[-10] MP[-1]
You take 10 damage, and now have 15/25 hp.
MASSIVE DAMAGE!! (PAUSE)
You lost 1 mp, and now have 0/6 mp.
Terence closely misses your quokka.
Your quokka completely misses Terence.
Terence zaps a wand.
The puff of flame hits your quokka!
Your quokka dies!
Your quokka's corpse disappears in a puff of smoke!
Your bat closely misses Terence.
Your bat hits Terence but does no damage.
Terence closely misses your bat.
Your bat hits Terence but does no damage.
Your crimson imp hits Terence but does no damage.
Your bat closely misses Terence.
Your bat hits Terence but does no damage.
Terence barely misses your bat. ๐Ÿ˜ฎ MP[+1]
Your bat closely misses Terence.
Your crimson imp hits Terence but does no damage.
Sorry, you're not good enough to have a special ability.
Casting: Summon Small Mammal (safe; 1% risk of failure)
Press: ? - help, Q - select action, (/) - cycle Dir - look around, f - activate Your bat barely misses Terence. ๐Ÿ˜ฎ HP[+1] MP[-1]
You lost 1 mp, and now have 0/6 mp.
Sorry, you're not good enough to have a special ability.
You don't have enough magic to cast this spell.
You aren't carrying any items that you can evoke.
Okay, then.
It was a potion of attraction.
You feel attractive to monsters.
Your bat barely misses Terence.
Terence zaps a wand.
The puff of flame hits your bat!
Your bat dies!
Your bat's corpse disappears in a puff of smoke!
Terence is attracted toward you.
You hit Terence but do no damage.
Your bat hits Terence but does no damage.
Terence closely misses you.
You hit Terence.
Your bat hits Terence but does no damage.
Terence zaps a wand.
The puff of flame hits you!
* * * LOW HITPOINT WARNING * * *
๐Ÿ˜จ HP[-8]
You take 8 damage, and now have 8/25 hp.
MASSIVE DAMAGE!! (PAUSE)
As you read the scroll labelled YSUNAL LANEVE, it crumbles to dust.
You feel aware of your surroundings.
It was a scroll of magic mapping.
Your bat barely misses Terence.
Your crimson imp barely misses Terence.
Terence is struck by your spines. Terence closely misses you.
It was a potion of might.
You feel very mighty all of a sudden.
Your bat barely misses Terence.
Your crimson imp barely misses Terence.
Terence is struck by your spines. Terence hits you with a +0 mace.
* * * LOW HITPOINT WARNING * * *
๐Ÿ˜ฑ HP[-3]
You take 3 damage, and now have 5/25 hp.
Unknown command.
You completely miss Terence.
Your bat hits Terence but does no damage.
Your crimson imp hits Terence but does no damage.
Terence hits your crimson imp with a +0 mace.
You hit Terence but do no damage.
Your bat closely misses Terence.
Your crimson imp misses Terence.
Terence barely misses you. ๐Ÿ˜ฑ MP[+1] Unknown command.
Unknown command.
Unknown command.
You closely miss Terence.
Your bat hits Terence but does no damage. x2
Your crimson imp blinks!
Terence zaps a wand.
The puff of flame hits you!
You die...

Skill      XL: |  1  2  3 |
---------------+----------+-----
Dodging        | 2 |  2.0
Fighting       | |  0.9
Stealth        | |  1.7
Spellcasting   | |  2.6
Summonings     | |  4.4

Action                   || total
-------------------------++-------
Melee: Short sword       ||    40
       Unarmed           ||     9
 Cast: Summon Small Mamm ||    25
       Call Imp          ||     4
  Use: Potion            ||     2
       Scroll            ||     1
 Stab: Sleeping          ||     3
Armor: Robe              ||    13
Dodge: Dodged            ||    24

Levels and vault maps discovered:
D:1:      sevenhm_arrival_forest_fort_small_4, layout_loops_cross,
          chequers_serial_rivers_micro_a, nrook_uturn
D:2:      layout_basic, hellmonk_ecumenical_altar_heavens_door, uniq_terence,
          uniq_natasha

Notes
Turn   | Place    | Note
-------+----------+-------------------------------------------
     0 | D:1      | spaghetti the Demonspawn Summoner began the quest for the
                  | Orb.
     0 | D:1      | Reached XP level 1. HP: 13/13 MP: 3/3
     0 | D:1      | magus.rc [v1.9.6]
   590 | D:1      | Gained mutation: You are partially covered in sharp spines.
                  | [demonic ancestry]
   590 | D:1      | Reached XP level 2. HP: 19/19 MP: 5/5
   929 | D:1      | Learned a level 2 spell: Call Imp
  1423 | D:2      | Gained mutation: You are mostly covered in sharp spines.
                  | [demonic ancestry]
  1423 | D:2      | Reached XP level 3. HP: 25/25 MP: 1/6
  1426 | D:2      | Reached skill level 2 in Dodging
  1427 | D:2      | Learned a level 3 spell: Call Canine Familiar
  1477 | D:2      | Found a faded altar of an unknown god.
  1619 | D:2      | Noticed Terence
  1636 | D:2      | HP: 5/25 [Terence/+0 mace (3)]
  1639 | D:2      | Killed from afar by Terence

Vanquished Creatures
  A dart slug (D:2)
  3 ball pythons
  3 endoplasms
  A giant cockroach (D:1)
  2 kobolds (D:1)
  2 bats (D:1)
  2 frilled lizards
  A goblin (D:1)
  2 rats
17 creatures vanquished.

Vanquished Creatures (collateral kills)
  An adder (D:2)
  A bat (D:1)
  2 endoplasms
  A giant cockroach (D:1)
  A kobold (D:2)
  3 goblins (D:2)
  2 rats (D:2)
11 creatures vanquished.

Grand Total: 28 creatures vanquished

Table legend:
 A = Non-vault XP
 B = Vault XP
 C = Vault XP percentage of total XP
 D = Non-vault monster count
 E = Vault monster count
 F = Vault count percentage of total count
                 A         B        C        D         E       F
            +---------+---------+-------+---------+---------+-------
      Total |      56 |       0 |   0.0 |      28 |       0 |   0.0
            +---------+---------+-------+---------+---------+-------
        D:1 |      23 |       0 |   0.0 |      15 |       0 |   0.0
        D:2 |      33 |       0 |   0.0 |      13 |       0 |   0.0
            +---------+---------+-------+---------+---------+-------

Illustrated notes

Table legend:
 A = Kills in this place as a percentage of kills in entire the game.
 B = Kills by you in this place as a percentage of kills by you in the entire game.
 C = Kills by friends in this place as a percentage of kills by friends in the entire game.
 D = Other kills in this place as a percentage of other kills in the entire game.
 E = Experience gained in this place as a percentage of experience gained in the entire game.
 F = Experience gained in this place divided by the number of levels of this place that you have seen.
                   A       B       C       D       E      F
               +-------+-------+-------+-------+-------+----------------------
         Total | 100.0 | 100.0 | 100.0 |   N/A | 100.0 |  28.0
       Dungeon | 100.0 | 100.0 | 100.0 |   N/A | 100.0 |  28.0
               +-------+-------+-------+-------+-------+----------------------

Table legend: (Time is in decaauts)
 A = Elapsed time spent in this place.
 B = Non-inter-level travel time spent in this place.
 C = Inter-level travel time spent in this place.
 D = Time resting spent in this place.
 E = Time spent auto-exploring this place.
 F = Levels seen in this place.
 G = Mean time per level.
                   A        B        C        D        E       F      G
               +--------+--------+--------+--------+--------+-----+--------+
         Total |   1645 |   1630 |     15 |    192 |   1226 |   2 |  822.5 |
       Dungeon |   1645 |   1630 |     15 |    192 |   1226 |   2 |  822.5 |
               +--------+--------+--------+--------+--------+-----+--------+

Top non-repeatable levels by time:
     D:1: 1299 daAuts
     D:2: 346 daAuts
